 Dungeon Crawl Stone Soup version 0.17-a0-1479-g4041c36 (webtiles) character file.

98 rnawigator the Insei (level 4, -8/34 HPs)
             Began as a Merfolk Transmuter on July 3, 2015.
             Killed by nerve-wracking pain
             ... invoked by Jessica
              (13 damage)
             ... on level 3 of the Dungeon.
             The game lasted 00:07:56 (2364 turns).

rnawigator the Insei (Merfolk Transmuter)           Turns: 2364, Time: 00:07:56

Health: -8/34      AC:  2    Str: 10    XL:     4   Next: 69%
Magic:  5/7        EV: 14    Int: 13    God:
Gold:   122        SH:  0    Dex: 14    Spells: 3 memorised, 1 level left

rFire  . . .     SeeInvis .       - Unarmed
rCold  . . .     Clarity  .     b - +0 robe
rNeg   . . .     SustAt   .     (no shield)
rPois  .         Gourm    .     (no helmet)
rElec  .         Spirit   .     (no cloak)
rCorr  .         Warding  .     (no gloves)
rMut   .         Stasis   .     (no boots)
MR     .....                    (no amulet)
Stlth  +.........               (no ring)
                                (no ring)

@: appendage (expiring), not resistant to hostile enchantments, very unstealthy
A: change form in water, swift swim, horns 2
a: End Transformation


You were on level 3 of the Dungeon.
You were not hungry.
You had grown temporary horns.
You visited 1 branch of the dungeon, and saw 3 of its levels.

You collected 122 gold pieces.

Inventory:

Missiles
 a - 98 arrows
 j - 86 stones (quivered)
 r - 16 arrows of dispersal
Armour
 b - a +0 robe (worn)
 g - a +0 pair of gloves
 t - a +0 cloak
Jewellery
 e - an uncursed ring of fire {unknown}
 s - an uncursed ring of positive energy {unknown}
 v - an uncursed amulet of guardian spirit {unknown}
Magical devices
 u - a wand of digging (0)
Scrolls
 h - a scroll of blinking
 q - 3 scrolls of enchant weapon
Potions
 i - a potion of ambrosia
 k - a potion of curing {unknown}
 l - a potion of haste {unknown}
 p - 3 potions of lignification
 w - a potion of degeneration {unknown}
 x - a potion of brilliance {unknown}
Books
 c - a book of Changes

   Spells                             Type                      Level
   a - Beastly Appendage              Transmutation                1
   b - Sticks to Snakes               Transmutation                2
   c - Spider Form                    Transmutation/Poison         3
   d - Ice Form                       Ice/Transmutation            4
   e - Blade Hands                    Transmutation                5
Comestibles
 d - 2 bread rations
 f - 2 chunks of flesh
 m - a beef jerky
 n - a royal jelly
 o - a slice of pizza


   Skills:
 + Level 2.8 Fighting
 + Level 4.1 Dodging
 + Level 4.2 Unarmed Combat
 - Level 2.1 Spellcasting
 - Level 2.6 Transmutations


You had one spell level left.
You knew the following spells:

 Your Spells              Type           Power        Failure   Level  Hunger
a - Beastly Appendage     Trmt           #.....       10%         1    ##.....
b - Sticks to Snakes      Trmt           #.........   14%         2    ###....
c - Spider Form           Trmt/Pois      #.........   52%         3    ####...


Dungeon Overview and Level Annotations

Branches:
Dungeon (3/15)

Altars:
Nemelex Xobeh

Annotations:
D:3 Jessica


Innate Abilities, Weirdness & Mutations

You revert to your normal form in water.
You are very nimble and swift while swimming.
You have a pair of horns on your head.


Message History

Your transformation is almost over.
Your ball python bites Jessica but does no damage.
Your ball python grabs Jessica.
Your ball python constricts Jessica.
Jessica hits your ball python.
Drink which item? (? for menu, Esc to quit)
Okay, then.
Unknown command.
Jessica barely misses your ball python.
Your ball python bites Jessica.
Your ball python constricts Jessica.
Jessica hits your ball python.
Your ball python bites Jessica but does no damage.
Your ball python constricts Jessica.
Jessica casts a spell at your ball python.
Your ball python seems to slow down.
Your ball python bites Jessica.
Your ball python constricts Jessica.
Some of the chunks of flesh in your inventory have rotted away.
Jessica hits your ball python.
Your ball python dies!
Jessica points at you and mumbles some strange words.
Pain shoots through your body!
You die...

### ### #<# ####.### #.# #....#..
#.# #.##.#.### #.# #.##.#...
#.########.##.#..
#..........##.#@#
#.#+#########.#.#
#.............#@#
#..........####.# ##..........#
#.# ## ............# #.# .#
###.........# #.# ####.#
..'......)..# #.# ....
###.........####.#####.##########
#######........................
#.#.....>..............#


You could see Jessica.

Vanquished Creatures
  An adder (D:3)
  An ooze (D:1)
  A worm (D:1)
  3 giant geckos
  3 bats (D:1)
  2 giant cockroaches
  13 goblins
  8 hobgoblins
  2 jackals (D:1)
  4 kobolds
  3 giant newts
  6 rats
47 creatures vanquished.

Vanquished Creatures (collateral kills)
  Crazy Yiuf (D:2)
  A giant gecko (D:3)
  An orc (D:3)
  A goblin (D:3)
4 creatures vanquished.

Grand Total: 51 creatures vanquished

Notes
Turn   | Place    | Note
--------------------------------------------------------------
     0 | D:1      | rnawigator the Merfolk Transmuter began the quest for the Orb.
     0 | D:1      | Reached XP level 1. HP: 15/15 MP: 3/3
    38 | D:1      | Reached XP level 2. HP: 9/21 MP: 5/5
   212 | D:1      | Learned a level 2 spell: Sticks to Snakes
   530 | D:1      | Reached XP level 3. HP: 17/27 MP: 6/6
  1266 | D:1      | Learned a level 3 spell: Spider Form
  1343 | D:2      | Found a sparkling altar of Nemelex Xobeh.
  1891 | D:2      | Noticed Crazy Yiuf
  1910 | D:2      | Killed Crazy Yiuf
  1910 | D:2      | Reached skill level 4 in Dodging
  1910 | D:2      | Reached XP level 4. HP: 31/34 MP: 0/7
  2351 | D:3      | Noticed Jessica
  2364 | D:3      | Killed from afar by Jessica

Vault maps used:
D:1:      evilmike_arrival_run_for_it, grunt_decor_one_mirror,
          minmay_misc_feat_iff
D:2:      old_standard_altar, hangedman_decor_slide_cut, uniq_crazy_yiuf_cottage
D:3:      kiku_gazebo_garden_becter, first_bread, grunt_decor_resistance,
          uniq_jessica

Action                   |  1- 3 |  4- 6 || total
-------------------------+-------+-------++-------
Melee: Unarmed           |   152 |    24 ||   176
Throw: Stone             |     3 |       ||     3
 Cast: Beastly Appendage |    19 |     6 ||    25
       Sticks to Snakes  |     2 |     4 ||     6
  Use: Scroll            |     6 |     1 ||     7
 Stab: Distracted        |     2 |       ||     2
       Sleeping          |     2 |       ||     2
  Eat: Chunk             |     4 |     2 ||     6
